 Dungeon Crawl Stone Soup version 0.24-a0-136-gad582e5 (webtiles) character file.

Game seed: 9764499327704128493

1568 snowfan the Arsonist (level 8, -2/41 HPs)
             Began as a Deep Elf Fire Elementalist on Mar 1, 2019.
             Was an Initiate of Vehumet.
             Slain by an orc warrior
             ... wielding a +0 scimitar
              (22 damage)
             ... on level 7 of the Dungeon.
             The game lasted 00:27:28 (7343 turns).

snowfan the Arsonist (Deep Elf Fire Elementalist)   Turns: 7343, Time: 00:27:29

Health: -2/41      AC:  3    Str:  5    XL:     8   Next: 59%
Magic:  13/24      EV: 13    Int: 23    God:    Vehumet [......]
Gold:   289        SH:  0    Dex: 15    Spells: 11/24 levels left

rFire    + . .     SeeInvis .   t - +1 dagger (venom)
rCold    + . .     Gourm    .   (no shield)
rNeg     . . .     Faith    .   d - +2 robe {rC+ rF+}
rPois    +         Spirit   .   u - -2 helmet (curse)
rElec    .         Reflect  .   (no cloak)
rCorr    .         Harm     .   (no gloves)
MR       .....     Rnd*Tele +   (no boots)
Stlth    ++........             (no amulet)
HPRegen  0.13/turn              i - ring of teleportation
MPRegen  0.19/turn              (no ring)

@: no status effects
A: high mp 1, poison resistance, MP-powered wands
a: Renounce Religion


You were on level 7 of the Dungeon.
You worshipped Vehumet.
Vehumet was noncommittal.
You were very hungry.

You visited 2 branches of the dungeon, and saw 9 of its levels.

You collected 289 gold pieces.

Inventory:

Hand Weapons
 t - a +1 dagger of venom (weapon)
 w - a +0 war axe
Armour
 a - a +0 robe
 d - a +2 robe of resistance (worn)
 g - a +0 buckler
 l - a +0 buckler
 u - a cursed -2 helmet (worn)
Jewellery
 i - a ring of teleportation (left hand)
 o - a +5 ring of evasion {unknown}
 p - an uncursed ring of ice
Wands
 f - a wand of clouds (7)
 y - a wand of digging (7)
Scrolls
 b - 5 scrolls of identify
 e - 3 scrolls of amnesia
 k - 4 scrolls of remove curse
 m - 4 scrolls of teleportation {unknown}
 n - 2 scrolls of random uselessness {unknown}
 q - 2 scrolls of magic mapping {unknown}
 r - 4 scrolls of fear {unknown}
 s - a scroll of noise {unknown}
Potions
 h - a potion of mutation
 j - 3 potions of resistance
 v - a potion of curing
 x - 2 potions of ambrosia {unknown}
 z - a potion of lignification {unknown}
Comestibles
 c - 9 rations


   Skills:
 - Level 2.4 Dodging
 - Level 2.4 Stealth
 + Level 8.7 Spellcasting
 - Level 1.1 Conjurations
 * Level 10.2 Fire Magic


You had 11 spell levels left.
You knew the following spells:

 Your Spells              Type           Power        Failure   Level  Hunger
a - Flame Tongue          Conj/Fire      #####        1%          1    None
c - Sticky Flame          Conj/Fire      #####...     6%          4    ##.....
d - Conjure Flame         Conj/Fire      #####...     1%          3    None
s - Throw Flame           Conj/Fire      #####.       1%          2    None
x - Inner Flame           Hex/Fire       ####....     2%          3    None

Your spell library contained the following spells:

 Spells                   Type           Power        Failure   Level  Hunger
 Fireball                 Conj/Fire      #####.....   17%         5    ####...


Dungeon Overview and Level Annotations

Branches:
Dungeon (8/15)             Temple (1/1) D:5
   Lair: D:8-11

Altars:
Ashenzari
Cheibriados
Dithmenos
Elyvilon
Fedhas
Hepliaklqana
Kikubaaqudgha
Makhleb
Nemelex Xobeh
Okawaru
Qazlal
Ru
Sif Muna
Trog
Uskayaw
Vehumet
Wu Jian
Xom
Zin


Innate Abilities, Weirdness & Mutations

You have an increased reservoir of magic. (+10% MP)
Your system is resistant to poisons. (rPois)
You expend magic power (3 MP) to strengthen your wands.


Message History

Casting: Sticky Flame (safe; 6% risk of failure)
Confirm with . or Enter, or press ? or * to list all spells.
Aiming: Sticky Flame (safe; 6% risk of failure)
Press: ? - help, Shift-Dir - straight line, f - orc wizard, p - orc warrior
Aim: an orc wizard, wielding a +0 dagger and wearing a +0 robe (severely wounded)
The sticky flame hits the orc wizard.
You kill the orc wizard!
Vehumet accepts your kill.
The orc warrior burns!
The orc warrior barely misses you.
Casting: Sticky Flame (safe; 6% risk of failure)
Confirm with . or Enter, or press ? or * to list all spells.
Aiming: Throw Flame (safe; 1% risk of failure)
Press: ? - help, Shift-Dir - straight line, f - orc warrior
Aim: an orc warrior, wielding a +0 scimitar and wearing a +0 plate armour (moderately wounded, covered in liquid flames)
The puff of flame hits the orc warrior but does no damage.
The orc warrior is moderately wounded.
The orc warrior burns!
The orc warrior hits you with a +0 scimitar!!
Ouch! That really hurt!
You die...

#.# #. #.# #. #.# #. #.# #.
#.# #.
##############.###########.
#..............#...........
###.######)o...............
#.# #@................ #.#
#####.#.########.. #.#
#.#.#<# #.. #.########
#.#.#.# #..
#........###.#.#.######.#
#..#####.^.#.#.#.....)...
#..#######.#.#.########.#
#............#.# ######.#
#.########.###.# #......#


You could see an orc warrior (burning).

Vanquished Creatures
  A hippogriff (D:7)
  An orc warrior (D:7)
  A sky beast (D:5)
  2 ice beasts (D:7)
  A phantom (D:4)
  3 ogres
  A bullfrog (D:7)
  A scorpion (D:4)
  3 crimson imps
  2 bullfrog zombies
  A hound (D:4)
  2 centaur skeletons
  An orc priest (D:7)
  An orc wizard (D:7)
  An iguana (D:5)
  3 worker ants
  A hound skeleton (D:6)
  3 gnolls (D:5)
  An adder (D:5)
  A shadow imp (D:7)
  An ooze (D:1)
  5 worms
  A dart slug (D:2)
  3 leopard geckos
  12 orcs
  3 giant cockroaches
  6 goblins
  9 hobgoblins
  2 kobolds
  A quokka (D:6)
  2 ball pythons
  A ball python zombie (D:5)
  6 bats
  11 frilled lizards
  6 rats
100 creatures vanquished.

Notes
Turn   | Place    | Note
-------+----------+-------------------------------------------
     0 | D:1      | snowfan the Deep Elf Fire Elementalist began the quest for
                  | the Orb.
     0 | D:1      | Reached XP level 1. HP: 10/10 MP: 6/6
     2 | D:1      | Noticed a draconian
     2 | D:1      | Noticed a felid
     4 | D:1      | Noticed a gargoyle
     4 | D:1      | Noticed an octopode
     6 | D:1      | Noticed a merfolk
     6 | D:1      | Noticed a human
     8 | D:1      | Noticed a halfling
     8 | D:1      | Noticed a troll
    10 | D:1      | Noticed a formicid
    10 | D:1      | Noticed a demonspawn
    12 | D:1      | Noticed a minotaur
    16 | D:1      | Noticed a vine stalker
    16 | D:1      | Noticed a ghoul
    18 | D:1      | Noticed an ogre
    18 | D:1      | Noticed a naga
    20 | D:1      | Noticed a demigod
    22 | D:1      | Noticed a spriggan
    22 | D:1      | Noticed a centaur
    24 | D:1      | Noticed a dwarf
    24 | D:1      | Noticed a vampire
    26 | D:1      | Noticed an elf
    26 | D:1      | Noticed a tengu
   290 | D:1      | Reached XP level 2. HP: 15/15 MP: 6/8
   740 | D:1      | Reached skill level 4 in Fire Magic
  1033 | D:2      | Reached XP level 3. HP: 19/19 MP: 7/10
  1155 | D:2      | Learned a level 3 spell: Conjure Flame
  1159 | D:2      | Learned a level 3 spell: Inner Flame
  1162 | D:2      | Learned a level 2 spell: Throw Flame
  2686 | D:3      | Reached XP level 4. HP: 24/24 MP: 8/12
  2985 | D:4      | Reached skill level 5 in Fire Magic
  3077 | D:4      | Found a sparkling altar of Nemelex Xobeh.
  3206 | D:4      | Noticed a phantom
  3216 | D:5      | Entered Level 5 of the Dungeon
  3314 | D:5      | Found a staircase to the Ecumenical Temple.
  3322 | D:5      | Reached XP level 5. HP: 13/28 MP: 7/14
  3331 | Temple   | Entered the Ecumenical Temple
  3519 | D:5      | Reached skill level 5 in Spellcasting
  3663 | D:5      | Gained mutation: Your natural rate of healing is unusually
                  | fast. [potion of mutation]
  3663 | D:5      | Gained mutation: You have large cloven feet. [potion of
                  | mutation]
  3663 | D:5      | Gained mutation: You have an increased reservoir of magic.
                  | (+10% MP) [potion of mutation]
  3663 | D:5      | Gained mutation: You have a considerably increased
                  | reservoir of magic. (+20% MP) [potion of mutation]
  3838 | D:5      | Noticed an ogre
  3861 | D:5      | Killed an ogre
  3861 | D:5      | Reached skill level 6 in Fire Magic
  3861 | D:5      | Reached XP level 6. HP: 26/32 MP: 3/18
  4051 | D:5      | Noticed a sky beast
  4063 | D:5      | Killed a sky beast
  4063 | D:5      | Reached skill level 7 in Fire Magic
  4509 | D:4      | Reached XP level 7. HP: 36/36 MP: 8/21
  4929 | D:4      | Reached skill level 8 in Fire Magic
  4996 | D:4      | Learned a level 4 spell: Sticky Flame
  5000 | D:4      | Lost mutation: You have a considerably increased reservoir
                  | of magic. (+20% MP) [potion of mutation]
  5000 | D:4      | Lost mutation: Your natural rate of healing is unusually
                  | fast. [potion of mutation]
  5000 | D:4      | Lost mutation: You have large cloven feet. [potion of
                  | mutation]
  5000 | D:4      | Gained mutation: Your system is resistant to poisons.
                  | (rPois) [potion of mutation]
  5000 | D:4      | Gained mutation: You expend magic power (3 MP) to
                  | strengthen your wands. [potion of mutation]
  5901 | D:7      | Noticed a hippogriff
  5920 | D:7      | Killed a hippogriff
  5987 | D:7      | Reached skill level 9 in Fire Magic
  5987 | D:7      | Reached XP level 8. HP: 22/41 MP: 5/23
  6744 | D:7      | Reached skill level 10 in Fire Magic
  7128 | D:7      | Found a shadowy altar of Dithmenos.
  7135 | D:7      | Found a sacrificial altar of Ru.
  7136 | D:7      | Found an ornate altar of the Wu Jian Council.
  7137 | D:7      | Found a bloodstained altar of Trog.
  7139 | D:7      | Found a radiant altar of Vehumet.
  7142 | D:7      | Became a worshipper of Vehumet
  7144 | D:7      | Found a blossoming altar of Fedhas.
  7343 | D:7      | Slain by an orc warrior

Levels and vault maps discovered:
D:1:      kb_arrival_jail, layout_loops_corners, chequers_serial_rivers_marsh
D:2:      layout_loops_cross, serial_forest, infiniplex_forest_straight_3,
          infiniplex_forest_end_double, infiniplex_forest_clump_tiny,
          infiniplex_forest_lined_4_way, infiniplex_forest_lined_2,
          infiniplex_forest_end_double, infiniplex_forest_straight_5,
          infiniplex_forest_lined_2, first_ration
D:3:      layout_loops_ring
D:4:      layout_basic, nrook_uturn, nemelex_lonely_heart_becter
D:5:      layout_loops_ring, minmay_temple_entry_sparse_star
D:6:      layout_loops_ring
D:7:      layout_basic, minitemple
D:8:      layout_cave_pools, grunt_temple_overflow_holy_war,
          grunt_temple_overflow_opulence, lair_entry_dummy, serial_shops,
          shop_scrolls
Temple:   minmay_temple_bridge_abc

Skill      XL: |  1  2  3  4  5  6  7  8 |
---------------+-------------------------+-----
Fire Magic     | 4 5 6 7 9 10 | 10.2
Spellcasting   | 4 5 6 7 8 |  8.7
Dodging        | |  2.4
Stealth        | |  2.4
Conjurations   | |  1.1

Action                   |  1- 3 |  4- 6 |  7- 9 || total
-------------------------+-------+-------+-------++-------
Melee: Unarmed           |     2 |       |       ||     2
       Dagger            |     2 |    80 |    27 ||   109
       War axe           |       |    64 |       ||    64
       Kick              |       |     8 |       ||     8
 Cast: Flame Tongue      |    79 |    55 |    67 ||   201
       Throw Flame       |     5 |    24 |    57 ||    86
       Conjure Flame     |       |     6 |     7 ||    13
       Inner Flame       |       |     1 |     3 ||     4
       Sticky Flame      |       |       |     5 ||     5
  Use: Scroll            |     3 |     2 |       ||     5
       Potion            |       |     1 |     4 ||     5
  Eat: Chunk             |     5 |     6 |     5 ||    16
       Ration            |       |       |     1 ||     1
Armor: Robe              |     5 |    32 |    12 ||    49
Dodge: Dodged            |    20 |   127 |    55 ||   202

Table legend:
 A = Non-vault XP
 B = Vault XP
 C = Vault XP percentage of total XP
 D = Non-vault monster count
 E = Vault monster count
 F = Vault count percentage of total count
                 A         B        C        D         E       F
            +---------+---------+-------+---------+---------+-------
      Total |    2241 |       0 |   0.0 |     100 |       0 |   0.0
            +---------+---------+-------+---------+---------+-------
        D:1 |      30 |       0 |   0.0 |      17 |       0 |   0.0
        D:2 |      58 |       0 |   0.0 |      29 |       0 |   0.0
        D:3 |      10 |       0 |   0.0 |       4 |       0 |   0.0
        D:4 |     362 |       0 |   0.0 |      14 |       0 |   0.0
        D:5 |     529 |       0 |   0.0 |      16 |       0 |   0.0
        D:6 |     119 |       0 |   0.0 |       6 |       0 |   0.0
        D:7 |    1133 |       0 |   0.0 |      14 |       0 |   0.0
            +---------+---------+-------+---------+---------+-------
